 Dungeon Crawl Stone Soup version 0.31.0-11-ge490571c62 (webtiles) character file.

Game seed: 4878929886026248315

145 qw the Ducker (level 5, 0/26 HPs)
             Began as a Spriggan Hunter on Feb 4, 2024.
             Slain by a gnoll
             ... wielding a +0 spear
             ... led by a gnoll bouda
              (3 damage)
             ... on level 3 of the Dungeon.
             The game lasted 00:00:05 (1931 turns).

qw the Ducker (Spriggan Hunter)                     Turns: 1931, Time: 00:00:06

Health: 0/26       AC:  2    Str:  7    XL:     5   Next: 6%
Magic:  6/6        EV: 20    Int: 11    God:
Gold:   117        SH:  0    Dex: 20    Spells: 4/4 levels left

rFire   . . .        a - +0 shortbow
rCold   . . .        (shield currently unavailable)
rNeg    . . .        c - +0 robe
rPois   .            (helmet restricted)
rElec   .            (no cloak)
rCorr   .            (gloves unavailable)
SInv    +            (boots unavailable)
Will    .....        (no amulet)
Stlth   ++           (no ring)
HPRegen 0.24/turn    (no ring)
MPRegen 0.10/turn

%: no passive effects
@: very quick
A: very small, no large weapons, unfitting armour, see invisible, speed 3
a: no special abilities


You were on level 3 of the Dungeon.
You visited 1 branch of the dungeon, and saw 3 of its levels.

You collected 117 gold pieces.


Innate Abilities, Weirdness & Mutations

You are very small and have problems with some larger weapons.
You are too small for most types of armour.
You have supernaturally acute eyesight. (SInv)
You cover ground extremely quickly. (Speed+++)


   Skills:
 - Level 2.0 Fighting
 + Level 5.0 Ranged Weapons
 - Level 5.4 Dodging
 - Level 1.5 Stealth


You had 4 spell levels left.
You didn't know any spells.
Your spell library was empty.

Inventory:

Hand Weapons
 a - a +0 shortbow (weapon)
Armour
 c - a +0 robe (worn)
Scrolls
 b - a scroll of vulnerability {unknown}
 d - a scroll of identify

Dungeon Overview and Level Annotations

Branches:
Dungeon (3/15)

Altars:

Shops:
D:1 ?


Message History

You kill the adder!
A gnoll bouda comes into view. It is wielding a +0 whip.
You shoot an arrow. The arrow closely misses the gnoll.
The gnoll bouda shouts!
A gnoll comes into view. It is wielding a +0 club.
You shoot an arrow. The arrow closely misses the gnoll.
The arrow hits the gnoll bouda.
The gnoll bouda is moderately wounded.
The gnoll bouda barks out a call to the hunt!
The gnolls pick up the pace!
You shoot an arrow. The arrow hits the gnoll.
The gnoll is lightly wounded.
A gnoll comes into view. It is wielding a +0 flail.
A gnoll comes into view. It is wielding a +0 spear.
You shoot an arrow. The gnoll shouts!
The arrow hits the gnoll.
The gnoll is moderately wounded.
The gnoll misses you.
You shoot an arrow. The arrow hits the gnoll.
The gnoll is heavily wounded.
The gnoll closely misses you. x2
You shoot an arrow. The arrow hits the gnoll!
You kill the gnoll!
The gnoll closely misses you. The gnoll completely misses you.
Your Fighting skill increases to level 2!
You have reached level 5!
You feel clever.
You shoot an arrow.
The arrow hits the gnoll bouda but does no damage.
The gnoll bouda is moderately wounded.
The gnoll hits you from afar with a +0 spear!
The gnoll bouda hits you with a +0 whip.
The gnoll completely misses you.
You shoot an arrow. The arrow hits the gnoll bouda.
The gnoll bouda is moderately wounded.
The gnoll hits you from afar with a +0 spear.
The gnoll bouda hits you with a +0 whip!
The gnoll misses you.
The gnoll hits you from afar with a +0 spear.
You die...

#...... .%... .
#.#.. .. #.... #.
#.%.# ... #.#.gg#
... #...gg# #'#
#.#.#@# #.#
#.....####'###
######.......######
#.............
#.............
#####.........
#.........
#.........
#.....%...


You could see a gnoll bouda and 3 gnolls.

Vanquished Creatures
  A howler monkey (D:3)
  A gnoll (D:3)
  5 adders
  A dart slug (D:1)
  2 bats
  5 endoplasms
  5 goblins
  5 hobgoblins
  2 jackals (D:1)
  3 kobolds
  2 quokkas
  2 ball pythons
  20 rats (D:2)
54 creatures vanquished.

Notes
Turn   | Place    | Note
-------+----------+-------------------------------------------
     0 | D:1      | qw the Spriggan Hunter began the quest for the Orb.
     0 | D:1      | Reached XP level 1. HP: 10/10 MP: 2/2
     0 | D:1      | 0 ||| qw: Version: 0.3-a-160-g6735b56
     0 | D:1      | 0 ||| qw: Game counter: 4344
     0 | D:1      | 0 ||| qw: Melee chars always use a shield: true
     0 | D:1      | 0 ||| qw: God list: Okawaru
     0 | D:1      | 0 ||| qw: Allow faded altars: false
     0 | D:1      | 0 ||| qw: Do Orc after clearing Dungeon:15 true
     0 | D:1      | 0 ||| qw: Do second Lair branch before Depths: true
     0 | D:1      | 0 ||| qw: Lair rune preference: random
     0 | D:1      | 0 ||| qw: Goals: Normal
     0 | D:1      | 0 ||| PLANNING D:1-11
    46 | D:1      | Reached skill level 3 in Dodging
   160 | D:1      | Found The Oracle's Delphic Readings.
   164 | D:1      | 164 ||| SHOPLISTING scroll of enchant weapon (97 gold, have
                  | 25).
   164 | D:1      | 164 ||| SHOPLISTING scroll of identify (26 gold, have 25).
   417 | D:1      | Reached XP level 2. HP: 14/14 MP: 3/3
   959 | D:1      | 959 ||| READING scroll labelled PIONAX LAGGOHE.
   959 | D:1      | 959 ||| IDENTIFYING scroll labelled GUYTIT YTHOCY
   960 | D:1      | 960 ||| DROPPING scroll of butterflies.
   961 | D:1      | 961 ||| DROPPING scroll of amnesia.
  1041 | D:2      | Reached XP level 3. HP: 18/18 MP: 4/4
  1329 | D:2      | Reached XP level 4. HP: 22/22 MP: 5/5
  1748 | D:2      | 1748 ||| READING scroll labelled BITUSTR JANUDIP.
  1749 | D:2      | 1749 ||| READING scroll labelled ROMIFUH UGHOYF.
  1930 | D:3      | Reached XP level 5. HP: 26/26 MP: 6/6
  1931 | D:3      | HP: 3/26 [gnoll bouda/+0 whip (8)]
  1931 | D:3      | Slain by a gnoll

Levels and vault maps discovered:
D:1:      dpeg_arrival_round_c, layout_basic, nicolae_nh_oracle_at_delphi
D:2:      layout_basic, minmay_large_rounded_square, minmay_rat_hole
D:3:      layout_basic, nicolae_overflow_hidden_temple, uniq_jessica, uniq_robin

Skill      XL: |  1  2  3  4 |
---------------+-------------+-----
Dodging        | 3 4 5 |  5.4
Ranged Weapons | 5 |  5.0
Fighting       | 2 |  2.0
Stealth        | |  1.5

Action                     |  1- 3 |  4- 6 || total
---------------------------+-------+-------++-------
   Fire: Shortbow          |    89 |    35 ||   124
    Use: Scroll            |     1 |     2 ||     3
 Armour: Robe              |     3 |     5 ||     8
  Dodge: Dodged            |    13 |     8 ||    21

Table legend:
 A = Non-vault XP
 B = Vault XP
 C = Vault XP percentage of total XP
 D = Non-vault monster count
 E = Vault monster count
 F = Vault count percentage of total count
                 A         B        C        D         E       F
            +---------+---------+-------+---------+---------+-------
      Total |     184 |      24 |  11.5 |      33 |      21 |  38.9
            +---------+---------+-------+---------+---------+-------
        D:1 |      21 |       4 |  16.0 |      10 |       2 |  16.7
        D:2 |      58 |      20 |  25.6 |      14 |      19 |  57.6
        D:3 |     105 |       0 |   0.0 |       9 |       0 |   0.0
            +---------+---------+-------+---------+---------+-------
